 Dungeon Sprint DCSS version 0.31-a0-931-g7b59d4eb97 (webtiles) character file.

Game seed: 9265985836512604621

2136 rocky1 the Black Belt (level 9, -1/57 HPs)
             Began as a Djinni Shapeshifter on Oct 20, 2023.
             Was an Initiate of Gozag.
             Slain by a great orb of eyes (14 damage)
             ... in the Dungeon (Sprint VII: "The Pits").
             The game lasted 00:02:50 (1220 turns).

rocky1 the Black Belt (Djinni Shapeshifter)         Turns: 1220, Time: 00:02:50

Health: -1/57      AC: 13    Str: 18    XL:     9   Next: 55%
Gold:   1647       EV: 10    Int: 11    God:    Gozag SH:  0 Dex: 16

rFire   + +          .
                       - Unarmed
rCold   x . .        (no shield)
rNeg    . . .        s - +4 scale mail
rPois   ∞            (helmet currently unavailable)
rElec   .            (cloak currently unavailable)
rCorr   .            (gloves currently unavailable)
SInv    .            (boots unavailable)
Will    .....        (no amulet) Stlth
                     n - +3 ring of protection
HPRegen 0.29/turn    o - +3 ring of strength
MPRegen 0.00/turn

%: no teleportation, infuse magic (-2 HP)
@: beast-form, gold aura, flying, invisible
A: beast (slay +4), flying, sickness immunity, fire resistance 2, cold
vulnerability 1, float, innate caster, HP casting, extra vitality 1
a: Begin Untransformation, Renounce Religion, Potion Petition, Call Merchant,
Bribe Branch


You were in the Dungeon.
You worshipped Gozag.
Gozag was most pleased with you.
You were a hulking beast.
You visited 1 branch You collected 1647 gold pieces.

Inventory:

Armour
 q - a +0 cloak
 r - a +0 helmet
 s - a +4 scale mail (worn)
Jewellery
 n - a +3 ring of protection (left hand)
 o - a +3 ring of strength (right hand)
Talismans
 c - a beast talisman (active)
 d - a flux talisman
Scrolls
 i - a scroll of blinking
 k - 2 scrolls of vulnerability
 l - a scroll of butterflies
Potions
 b - a potion of lignification
 e - 9 potions of curing
 f - 7 potions of heal wounds
 g - 3 potions of haste
 h - 4 potions of berserk rage
 j - a potion of invisibility
 p - a potion of mutation


   Skills:
 - Level 1.0 Fighting
 - Level 1.9 Armour
 - Level 2.1 Dodging
 - Level 1.1 Stealth
 * Level 17.1 Unarmed Combat
 + Level 9.9 Shapeshifting


You knew the following spells:

 Your Spells              Type           Power      Damage    Failure   Level
a - Apportation           Tloc           0%         N/A       75%         1
b - Blink                 Tloc           0%         N/A       86%         2
c - Vampiric Draining     Necr           0%         2d6       98%         3
d - Cause Fear            Hex            0%         N/A       100%        4
Your spell library was empty.


Dungeon Overview and Level Annotations

Branches:
Dungeon (1/1)

Altars:
Ashenzari
Cheibriados
Dithmenos
Elyvilon
Fedhas
Gozag
Hepliaklqana
Makhleb
Nemelex Xobeh
Okawaru
Qazlal
Ru
Trog
Uskayaw
Wu Jian
Xom
Yredelemnul
Zin
The Shining One
Jiyva
Lugonu


Innate Abilities, Weirdness & Mutations

You are a hulking beast.
Your limbs bulge with bestial killing power. (Slay +4)
You are flying.
You are immune to sickness and miasma.
You are immune to poison.
Your flesh is very heat resistant. (rF++)
You are vulnerable to cold. (rC-)
You float through the air rather than walking.
You learn spells naturally, not from books.
Your magical power is your life essence.
You have superior vitality. (+4 MHP)


Message History

The death yak gores you!!
The hound is distracted by your dazzling golden aura.
The great orb of eyes barely misses you.
The hound barks!
You barely miss the death yak. You punch the death yak!
The death yak is almost dead.
The great orb of eyes is distracted by your dazzling golden aura.
The great orb of eyes turns its gaze towards you.
You hit the death yak but do no damage.
The death yak is almost dead.
You punch the death yak!
You kill the death yak!
The hound is no longer distracted by gold.
The great orb of eyes is no longer distracted by gold.
The great orb of eyes is distracted by your dazzling golden aura.
Your Unarmed Combat skill increases to level 17!
Unknown command.
The great orb of eyes turns its gaze towards you.
You pummel the great orb of eyes!!
The great orb of eyes is no longer distracted by gold.
The great orb of eyes is moderately wounded.
The great orb of eyes closely misses you.
You barely miss the great orb of eyes.
The great orb of eyes is moderately wounded.
You pummel the great orb of eyes!!
The great orb of eyes is heavily wounded.
The hound is distracted by your dazzling golden aura.
The great orb of eyes bites you!
* * * LOW HITPOINT WARNING * * *
The hound barks!
You punch the great orb of eyes!
The great orb of eyes is severely wounded.
The great orb of eyes completely misses you.
You hit the great orb of eyes.
The great orb of eyes is severely wounded.
You punch the great orb of eyes!
The great orb of eyes is almost dead.
The great orb of eyes bites you!
You die...
Your body crumbles into a pile of gold.

..#.#####'#####''######
###)##.......##''#####
..#.##.......##......+
..'.##.......##......+ .
######...<...##.....##..
))).##.......##...###...
))).##.......##..##.....
######.......##'$#...#..
.#.. ##########.hGh.....
.#.############++#k..#..
.#.#....#....# #.....
.#'#....#...[# ##...
.#.'....'..))# ..
.#'#....#..))# .
.'.#....#..))#
##############


You could see a great orb of eyes, a lindwurm (unable to see you) and a hound.

Vanquished Creatures
  A death yak (D)
  A flayed ghost (D)
  A hornet (D)
  A flying skull (D)
  A fire bat (D)
  A warg (D)
  A water moccasin (D)
  A floating eye (D)
  A bullfrog (D)
  A hound (D)
  An orc priest (D)
  3 iron imps (D)
  2 river rats (D)
  An ufetubus (D)
  An adder zombie (D)
  2 orcs (D)
  A bat skeleton (D)
  A goblin (D)
  A hobgoblin (D)
  4 jackals (D)
  A ball python (D)
  A ball python zombie (D)
  A bat (D)
  A frilled lizard (D)
  A kobold (D)
  A rat (D)
33 creatures vanquished.

Vanquished Creatures (others)
  A hell rat (D)
1 creature vanquished.

Grand Total: 34 creatures vanquished

Notes
Turn   | Place    | Note
-------+----------+-------------------------------------------
     0 | D        | rocky1 the Djinni Shapeshifter began the quest for the Orb.
     0 | D        | Reached XP level 1. HP: 17/17 MP: 0/0
   152 | D        | Found a bloodstained altar of Trog.
   152 | D        | Found a viscous altar of Jiyva.
   152 | D        | Found a hazy altar of Hepliaklqana.
   152 | D        | Found an opulent altar of Gozag.
   153 | D        | Found a glowing golden altar of the Shining One.
   153 | D        | Found a glowing silver altar of Zin.
   153 | D        | Found a basalt altar of Yredelemnul.
   153 | D        | Found a shimmering altar of Xom.
   153 | D        | Found an ornate altar of the Wu Jian Council.
   153 | D        | Found a sacrificial altar of Ru.
   153 | D        | Found a stormy altar of Qazlal.
   153 | D        | Found an iron altar of Okawaru.
   153 | D        | Found a sparkling altar of Nemelex Xobeh.
   153 | D        | Found a burning altar of Makhleb.
   153 | D        | Found a blossoming altar of Fedhas.
   153 | D        | Found a white marble altar of Elyvilon.
   153 | D        | Found a shadowy altar of Dithmenos.
   153 | D        | Found a snail-covered altar of Cheibriados.
   156 | D        | Found a corrupted altar of Lugonu.
   157 | D        | Found a hide-covered altar of Uskayaw.
   157 | D        | Found a broken altar of Ashenzari.
   160 | D        | Became a worshipper of Gozag Ym Sagoz the Greedy
   187 | D        | Noticed a floating eye
   190 | D        | Paralysed by a floating eye for 4 turns
   196 | D        | Paralysed by a floating eye for 3 turns
   199 | D        | Killed a floating eye
   200 | D        | Reached skill level 7 in Unarmed Combat
   200 | D        | Reached skill level 5 in Shapeshifting
   200 | D        | Reached XP level 2. HP: 22/22 MP: 0/0
   200 | D        | Reached XP level 3. HP: 27/27 MP: 0/0
   200 | D        | Learned a level 1 spell: Apportation
   200 | D        | Reached XP level 4. HP: 32/32 MP: 0/0
   200 | D        | Reached XP level 5. HP: 37/37 MP: 0/0
   200 | D        | Learned a level 2 spell: Blink
   350 | D        | Reached skill level 8 in Unarmed Combat
   351 | D        | Noticed a water moccasin
   359 | D        | Reached skill level 9 in Unarmed Combat
   359 | D        | Reached XP level 6. HP: 42/42 MP: 0/0
   365 | D        | Killed a water moccasin
   366 | D        | Reached skill level 10 in Unarmed Combat
   396 | D        | Noticed a warg
   399 | D        | Killed a warg
   400 | D        | Reached skill level 12 in Unarmed Combat
   400 | D        | Reached XP level 7. HP: 37/47 MP: 0/0
   400 | D        | Learned a level 3 spell: Vampiric Draining
   403 | D        | Noticed a hornet
   412 | D        | Killed a hornet
   413 | D        | Reached skill level 1 in Armour
   413 | D        | Reached skill level 13 in Unarmed Combat
   683 | D        | Noticed a flying skull
   694 | D        | Killed a flying skull
   695 | D        | Reached skill level 1 in Stealth
   695 | D        | Reached skill level 14 in Unarmed Combat
   695 | D        | Reached XP level 8. HP: 44/52 MP: 0/0
   847 | D        | Noticed a flayed ghost
   860 | D        | Killed a flayed ghost
   861 | D        | Reached skill level 15 in Unarmed Combat
   861 | D        | Reached XP level 9. HP: 21/57 MP: 0/0
   861 | D        | Learned a level 4 spell: Cause Fear
  1194 | D        | Noticed a death yak
  1195 | D        | Noticed a great orb of eyes
  1197 | D        | Noticed a lindwurm
  1207 | D        | Reached skill level 16 in Unarmed Combat
  1214 | D        | Killed a death yak
  1215 | D        | Reached skill level 17 in Unarmed Combat
  1220 | D        | Slain by a great orb of eyes

Illustrated notes

Levels and vault maps discovered:
D:        pitsprint [storerooms_1, entrance_room_1, metal_vault_4, armoury_1,
          mini_pit_1, grid_room_1, main_hall_1, silver_pit, the_coven_1,
          the_vestibule_1, steel_vault_4, golden_pit, hallway_of_sentries,
          crystal_vault_2, iron_vault_1, final_vault]

Skill      XL: |  1  2  3  4  5  6  7  8  9 |
---------------+----------------------------+-----
Shapeshifting  | 5 6 7 8 9 |  9.9
Unarmed Combat | 7 9 12 14 15 17 | 17.1
Armour         | 1 |  1.9
Stealth        | 1 |  1.1
Fighting       | |  1.0
Dodging        | |  2.1

Action                     |  1- 3 |  4- 6 |  7- 9 || total
---------------------------+-------+-------+-------++-------
  Melee: Unarmed           |    19 |    51 |    60 ||   130
         Punch             |       |       |     7 ||     7
    Use: Potion            |       |       |     4 ||     4
   Stab: Invisible         |       |       |     2 ||     2
 Armour: Animal skin       |     6 |     9 |       ||    15
         Chain mail        |       |    16 |    20 ||    36
         Scale mail        |       |       |    20 ||    20
  Dodge: Dodged            |     5 |    19 |    18 ||    42

Table legend: (Time is in decaauts)
 A = Elapsed time spent in this place.
 B = Non-inter-level travel time spent in this place.
 C = Inter-level travel time spent in this place.
 D = Time resting spent in this place.
 E = Time spent auto-exploring this place.
 F = Levels seen in this place.
 G = Mean time per level.
                   A        B        C        D        E       F      G
               +--------+--------+--------+--------+--------+-----+--------+
         Total |   1193 |   1125 |     68 |    738 |      0 |   1 | 1193.0 |
       Dungeon |   1193 |   1125 |     68 |    738 |      0 |   1 | 1193.0 |
               +--------+--------+--------+--------+--------+-----+--------+

Top non-repeatable levels by time:
       D: 1193 daAuts
